 Dungeon Crawl Stone Soup version 0.21.1-1-g345015f (webtiles) character file.

30 theblackcape the Grasshopper (level 3, -1/18 HPs)
             Began as a Spriggan Warper on June 28, 2018.
             Slain by an orc
             ... wielding a +0 trident
              (5 damage)
             ... on level 2 of the Dungeon.
             The game lasted 00:03:52 (1589 turns).

theblackcape the Grasshopper (Spriggan Warper)      Turns: 1589, Time: 00:03:53

Health: -1/18      AC:  2    Str:  7    XL:     3   Next: 5%
Magic:  4/8        EV: 19    Int: 15    God:
Gold:   21         SH:  0    Dex: 15    Spells: 4/8 levels left

rFire    . . .     SeeInvis +   a - +0 short sword
rCold    . . .     Gourm    .   (shield restricted)
rNeg     . . .     Faith    .   b - +0 robe
rPois    .         Spirit   .   (helmet restricted)
rElec    .         Reflect  .   (no cloak)
rCorr    .         Harm     .   (gloves unavailable)
MR       .....                  (boots unavailable)
Stlth    +.........             (no amulet)
HPRegen  0.06/turn              (no ring)
MPRegen  0.11/turn              (no ring)

@: shrouded (expiring), very slightly contaminated, very quick
A: very small, unfitting armour, see invisible, herbivore, speed 3, slow
metabolism 2
a: no special abilities


You were on level 2 of the Dungeon.
You were not hungry.

You visited 1 branch of the dungeon, and saw 2 of its levels.

You collected 21 gold pieces.

Inventory:

Hand Weapons
 a - a +0 short sword (weapon)
Missiles
 e - 5 tomahawks of dispersal (quivered)
Armour
 b - a +0 robe (worn)
Scrolls
 d - a scroll of blinking
 g - 2 scrolls of teleportation {unknown}
 h - a scroll of identify {unknown}
 k - a scroll of remove curse {unknown}
Potions
 i - a potion of might {unknown}
 j - a potion of heal wounds {unknown}
Books
 c - a book of Spatial Translocations

   Spells                             Type                      Level
   a - Blink                          Translocation                2
   b - Shroud of Golubria             Charms/Translocation         2
   c - Lesser Beckoning               Translocation                3
   d - Gell's Gravitas                Translocation                3
   e - Teleport Other                 Translocation                3
   f - Passage of Golubria            Translocation                4
Comestibles
 f - 2 rations


   Skills:
 - Level 1.5 Fighting
 + Level 3.0 Short Blades
 - Level 1.0 Throwing
 + Level 4.3 Dodging
 + Level 3.1 Spellcasting
 + Level 0.5 Charms
 + Level 4.4 Translocations


You had 4 spell levels left.
You knew the following spells:

 Your Spells              Type           Power        Failure   Level  Hunger
a - Shroud of Golubria    Chrm/Tloc      #.........   11%         2    ##.....
b - Blink                 Tloc           N/A          4%          2    ##.....


Dungeon Overview and Level Annotations

Branches:
Dungeon (2/15)

Altars:


Innate Abilities, Weirdness & Mutations

You are very small and have problems with some larger weapons.
You are too small for most types of armour.
You have supernaturally acute eyesight. (SInv)
You are a herbivore.
You cover ground extremely quickly.
You need consume almost no food.


Message History

The orc closely misses you. The orc completely misses you.
You hit the orc.
The orc is almost dead.
The orc barely misses you.
You completely miss the orc.
The orc is almost dead.
The orc closely misses you. The orc barely misses you.
You hit the orc but do no damage.
The orc is almost dead.
The orc completely misses you.
The orc hits you from afar with a trident.
* * * LOW HITPOINT WARNING * * *
You hit the orc.
You kill the orc!
The orc barely misses you.
You hit the giant cockroach.
The giant cockroach is heavily wounded.
The giant cockroach misses you.
The orc hits you from afar with a trident.
You die...

#.................
#.################ #.#
#.# #.# #.# #.# #.#
###### . #.#
#.@s.###....
#.##########'##oo......
#.#...........#[.......
#.'...........#.....###
###..#######..#.....#
#..# #..#.....# #..#
#..#....... #..#
#..####..... #..# #..#
.....


You could see 2 orcs and a giant cockroach.

Vanquished Creatures
  A dart slug (D:1)
  A leopard gecko (D:1)
  2 orcs (D:2)
  A ball python (D:1)
  2 giant cockroaches
  4 goblins (D:1)
  2 hobgoblins (D:1)
  A quokka (D:2)
  3 bats
  A frilled lizard (D:1)
  3 kobolds (D:1)
  2 rats
23 creatures vanquished.

Notes
Turn   | Place    | Note
-------+----------+-------------------------------------------
     0 | D:1      | theblackcape the Spriggan Warper began the quest for the Orb.
     0 | D:1      | Reached XP level 1. HP: 10/10 MP: 5/5
   260 | D:1      | Reached XP level 2. HP: 12/14 MP: 6/6
   264 | D:1      | Learned a level 2 spell: Shroud of Golubria
   267 | D:1      | Learned a level 2 spell: Blink
  1577 | D:2      | Reached XP level 3. HP: 8/18 MP: 3/8
  1589 | D:2      | Slain by an orc

Skill      XL: |  1  2 |
---------------+-------+-----
Dodging        | 4 |  4.3
Spellcasting   | 3 |  3.1
Short Blades   | 3 |  3.0
Fighting       | |  1.5
Throwing       | |  1.0
Charms         | |  0.5
Translocations | |  4.4

Action                   || total
-------------------------++-------
Melee: Short sword       ||   119
 Cast: Blink             ||     7
       Shroud of Golubri ||     5
Armor: Robe              ||     7
Dodge: Dodged            ||   110
